 Dungeon Crawl Stone Soup version 0.31-a0-1616-gbeaec30b81 (webtiles) character file.

Game seed: 17474300565113716432

58 shadizar the Covered (level 4, -2/38 HPs)
             Began as a Gnoll Wanderer on Jan 10, 2024.
             Slain by an iguana (4 damage)
             ... on level 4 of the Dungeon.
             The game lasted 00:01:53 (1740 turns).

shadizar the Covered (Gnoll Wanderer)               Turns: 1740, Time: 00:01:53

Health: -2/38      AC: 13    Str: 13    XL:     4   Next: 2%
Magic:  11/11      EV:  4    Int: 11    God:
Gold:   126        SH:  0    Dex: 12    Spells: 12/13 levels left

rFire   . . .        a - +0 dagger
rCold   . . .        (no shield)
rNeg    . . .        f - +0 plate armour
rPois   .            (no helmet)
rElec   .            (no cloak)
rCorr   .            (no gloves)
SInv    .            (no boots)
Will    .....        (no amulet) Stlth
                     (no ring)
HPRegen 0.26/turn    (no ring)
MPRegen 0.12/turn

%: no passive effects
@: no status effects
A: fangs 1, strong nose, distributed training
a: no special abilities


You were on level 4 of the Dungeon.
You visited 1 branch of the dungeon, and saw 4 of its levels.

You collected 126 gold pieces.

Inventory:

Hand Weapons
 a - a +0 dagger (weapon)
Armour
 c - a +0 chain mail
 f - a +0 plate armour (worn)
Jewellery
 h - an amulet of guardian spirit
 j - a ring of poison resistance
Wands
 k - a wand of flame (9)
Scrolls
 d - 2 scrolls of torment {unknown}
 g - a scroll of vulnerability {unknown}
 i - 3 scrolls of identify {unknown}
 l - a scroll of noise {unknown}
Potions
 b - 2 potions of mutation
 e - a potion of curing {unknown}
 m - 3 potions of haste {unknown}


   Skills:
 + Level 4.6 Fighting
 + Level 1.0 Short Blades
 + Level 1.0 Long Blades
 + Level 1.0 Axes
 + Level 1.0 Maces & Flails
 + Level 1.0 Polearms
 + Level 1.0 Staves
 + Level 1.0 Ranged Weapons
 + Level 1.0 Throwing
 + Level 6.6 Armour
 + Level 1.0 Dodging
 + Level 4.2 Stealth
 + Level 1.0 Shields
 + Level 1.0 Unarmed Combat
 + Level 5.0 Spellcasting
 + Level 0.8 Conjurations
 + Level 0.8 Hexes
 + Level 0.8 Summonings
 + Level 0.8 Necromancy
 + Level 0.8 Translocations
 + Level 0.8 Fire Magic
 + Level 0.8 Ice Magic
 + Level 0.8 Air Magic
 + Level 2.2 Earth Magic
 + Level 0.8 Alchemy
 + Level 1.1 Invocations
 + Level 1.0 Evocations
 + Level 1.0 Shapeshifting


You had 12 spell levels left.
You knew the following spells:

 Your Spells              Type           Power      Damage    Failure   Level
a - Sandblast             Erth           14%        2d6       100%        1

Your spell library contained the following spells:

 Spells                   Type           Power      Damage    Failure   Level
 Dazzling Flash           Conj/Hex       8%         N/A       100%        3
 Mephitic Cloud           Conj/Alch/Air  4%         N/A       100%        3
 Passwall                 Erth           7%         N/A       100%        3
 Curse of Agony           Necr           4%         N/A       100%        5
 Silence                  Hex/Air        2%         N/A       100%        5


Dungeon Overview and Level Annotations

Branches:
Dungeon (4/15)
 Temple: D:4-7

Altars:
Nemelex Xobeh

Annotations:
D:3 Grinder


Innate Abilities, Weirdness & Mutations

You have very sharp teeth.
Your uncanny sense of smell can sniff out nearby items.
Your experience applies equally to all skills.


Message History

The iguana is lightly wounded.
The iguana barely misses you.
You hit the iguana.
The iguana is lightly wounded.
The iguana bites you!
You hit the iguana but do no damage.
The iguana is lightly wounded.
An orc priest comes into view. It is wielding a +0 club.
The orc priest looks braver for a moment.
The iguana bites you!
You are too injured to fight recklessly!
You are too injured to fight recklessly!
You are too injured to fight recklessly!
You are too injured to fight recklessly!
You are too injured to fight recklessly!
You are too injured to fight recklessly!
You are too injured to fight recklessly!
You are too injured to fight recklessly!
You are too injured to fight recklessly!
The iguana attacks as it pursues you! The iguana completely misses you.
Found a quarterstaff.
The iguana attacks as it pursues you! The iguana barely misses you.
A kobold comes into view. It is wielding a +0 short sword.
Found a stone staircase leading down.
The kobold shouts!
The iguana hisses menacingly.
The iguana bites you. The iguana attacks as it pursues you!
The iguana barely misses you.
Okay, then.
You start putting on your amulet.
You continue putting on your amulet of guardian spirit.
The iguana bites you.
You continue putting on your amulet of guardian spirit.
The iguana bites you but does no damage.
You continue putting on your amulet of guardian spirit.
The iguana bites you!
* * * LOW HITPOINT WARNING * * *
You continue putting on your amulet of guardian spirit.
The orc barely misses you. The iguana bites you.
You die...

##.>...####
#..........∆ ##
....).... #.
.K..... #.
#....# #. #...#
######.###...#
.......@lKo..# #
.###..##o##o.#
.## ....
####..####.>.###
.##.
#...o.oo....o #
#..####...###
..#####..# ###
.........#
###..###.# #.
#.#


You could see an iguana, 2 orc priests, an orc and a kobold.

Vanquished Creatures
  2 adders (D:2)
  A ball python (D:2)
  6 bats
  5 endoplasms
  A giant cockroach (D:1)
  9 goblins
  A hobgoblin (D:2)
  2 kobolds
  A quokka (D:1)
  3 frilled lizards (D:2)
  7 rats
38 creatures vanquished.

Notes
Turn   | Place    | Note
-------+----------+-------------------------------------------
     0 | D:1      | shadizar the Gnoll Wanderer began the quest for the Orb.
     0 | D:1      | shadizar set off with the following items: a +0 dagger, 2
                  | potions of mutation, a +0 chain mail; and the following
                  | spell memorised: Sandblast; and the following spells
                  | available to memorise: Passwall.
     0 | D:1      | Reached XP level 1. HP: 20/20 MP: 6/6
   185 | D:1      | Reached XP level 2. HP: 26/26 MP: 7/7
   891 | D:2      | Reached skill level 5 in Spellcasting
   891 | D:2      | Reached XP level 3. HP: 31/31 MP: 7/9
   928 | D:2      | Found a sparkling altar of Nemelex Xobeh.
   933 | D:2      | Reached skill level 1 in Invocations
  1087 | D:2      | Reached skill level 1 in Short Blades
  1087 | D:2      | Reached skill level 1 in Long Blades
  1087 | D:2      | Reached skill level 1 in Axes
  1087 | D:2      | Reached skill level 1 in Maces & Flails
  1087 | D:2      | Reached skill level 1 in Polearms
  1087 | D:2      | Reached skill level 1 in Staves
  1087 | D:2      | Reached skill level 1 in Ranged Weapons
  1087 | D:2      | Reached skill level 1 in Throwing
  1087 | D:2      | Reached skill level 1 in Dodging
  1087 | D:2      | Reached skill level 1 in Shields
  1087 | D:2      | Reached skill level 1 in Unarmed Combat
  1087 | D:2      | Reached skill level 1 in Evocations
  1543 | D:2      | Reached skill level 1 in Shapeshifting
  1543 | D:2      | Reached XP level 4. HP: 38/38 MP: 11/11
  1666 | D:3      | Noticed Grinder
  1740 | D:4      | Slain by an iguana

Illustrated notes

Levels and vault maps discovered:
D:1:      minmay_arrival_wavy_path, layout_basic
D:2:      layout_basic, basic_altar
D:3:      layout_basic, nicolae_uskayaw_murder_on_the_dancefloor,
          mainiacjoe_overflow_catwalk, mainiacjoe_overflow_chevrons,
          hellmonk_ecumenical_altar_blasted, small_statue_intersection,
          uniq_grinder
D:4:      layout_loops_ring, vehumet_altar_wand_db, overflow_temple_1_default,
          lemuel_doored_altar, serial_shops, nicolae_shop_peninsula,
          minmay_misc_feat_diagonals, goddamned_bats

Skill      XL: |  1  2  3 |
---------------+----------+-----
Earth Magic    | 2 |  2.2
Spellcasting   | 5 |  5.0
Invocations    | 1 |  1.1
Short Blades   | 1 |  1.0
Long Blades    | 1 |  1.0
Axes           | 1 |  1.0
Maces & Flails | 1 |  1.0
Polearms       | 1 |  1.0
Staves         | 1 |  1.0
Ranged Weapons | 1 |  1.0
Throwing       | 1 |  1.0
Dodging        | 1 |  1.0
Shields        | 1 |  1.0
Unarmed Combat | 1 |  1.0
Evocations     | 1 |  1.0
Shapeshifting  | 1 |  1.0
Fighting       | |  4.6
Armour         | |  6.6
Stealth        | |  4.2
Conjurations   | |  0.8
Hexes          | |  0.8
Summonings     | |  0.8
Necromancy     | |  0.8
Translocations | |  0.8
Fire Magic     | |  0.8
Ice Magic      | |  0.8
Air Magic      | |  0.8
Alchemy        | |  0.8

Action                     |  1- 3 |  4- 6 || total
---------------------------+-------+-------++-------
  Melee: Dagger            |   151 |    11 ||   162
         Bite              |    17 |     1 ||    18
         Punch             |     2 |       ||     2
 Armour: Chain mail        |    50 |       ||    50
         Plate armour      |   106 |    11 ||   117
  Dodge: Dodged            |    33 |     7 ||    40

Table legend: (Time is in decaauts)
 A = Elapsed time spent in this place.
 B = Non-inter-level travel time spent in this place.
 C = Inter-level travel time spent in this place.
 D = Time resting spent in this place.
 E = Time spent auto-exploring this place.
 F = Levels seen in this place.
 G = Mean time per level.
                   A        B        C        D        E       F      G
               +--------+--------+--------+--------+--------+-----+--------+
         Total |   1734 |   1697 |     37 |      0 |   1361 |   4 |  433.5 |
       Dungeon |   1734 |   1697 |     37 |      0 |   1361 |   4 |  433.5 |
               +--------+--------+--------+--------+--------+-----+--------+

Top non-repeatable levels by time:
     D:2: 864 daAuts
     D:1: 769 daAuts
     D:4: 63 daAuts
     D:3: 37 daAuts
